 Dungeon Crawl Stone Soup version 0.24-a0-139-geb6712d (webtiles) character file.

Game seed: 12298635281762127730

13157 nikopol the Grappler (level 11, -13/101 HPs)
             Began as a Troll Monk on Mar 2, 2019.
             Was a High Priest of Okawaru.
             Mangled by a ten-headed hydra (14 damage)
             ... on level 1 of the Lair of Beasts.
             The game lasted 00:24:07 (9861 turns).

nikopol the Grappler (Troll Monk)                   Turns: 9861, Time: 00:24:07

Health: -13/101    AC:  8    Str: 32    XL:     11   Next: 71%
Magic:  10/10      EV: 13    Int: 15    God:    Okawaru [*****.]
Gold:   541        SH:  0    Dex: 12    Spells: 10/10 levels left

rFire    . . .     SeeInvis .     - Unarmed
rCold    . . .     Gourm    +   (no shield)
rNeg     . . .     Faith    .   s - +1 robe "Kaxuo" {MR- Str+4 Int+4 Stlth+}
rPois    .         Spirit   .   A - +1 hat
rElec    .         Reflect  .   (no cloak)
rCorr    .         Harm     .   (gloves unavailable)
MR       .....                  (boots unavailable)
Stlth    ++++......             (no amulet)
HPRegen  0.66/turn              q - ring of Awe {Str+4 Int+5}
MPRegen  0.12/turn              v - ring of protection from magic

@: no status effects
A: large, unfitting armour, claws 3, fast metabolism 3, gourmand, regeneration
1, shaggy fur 1, tough skin 3
a: Heroism, Finesse, Renounce Religion


You were on level 1 of the Lair of Beasts.
You worshipped Okawaru.
Okawaru was extremely pleased with you.
You were completely stuffed.

You visited 2 branches of the dungeon, and saw 11 of its levels.

You collected 541 gold pieces.

Inventory:

Armour
 a - a +0 robe
 s - the +1 robe "Kaxuo" (worn) {MR- Str+4 Int+4 Stlth+}
   (You found it on level 5 of the Dungeon)

   It affects your strength (+4).
   It affects your intelligence (+4).
   It affects your resistance to hostile enchantments.
   It makes you more stealthy.
 A - a +1 hat (worn)
 D - the +1 robe of the Trilobite {rF+++ MR+ Str+2 Int+2, unknown}
   (You found it on level 10 of the Dungeon)

   It affects your strength (+2).
   It affects your intelligence (+2).
   It renders you almost immune to fire.
   It affects your resistance to hostile enchantments.
Jewellery
 f - an uncursed ring of resist corrosion
 q - the ring of Awe (left claw) {Str+4 Int+5}
   (You found it on level 4 of the Dungeon)

   [ring of strength]

   It affects your strength (+4).
   It affects your intelligence (+5).
 v - a ring of protection from magic (right claw)
 w - a +5 ring of intelligence {unknown}
Wands
 d - a wand of acid (8)
 g - a wand of iceblast (20)
 k - a wand of polymorph (20)
 l - a wand of digging (4)
Scrolls
 c - 6 scrolls of teleportation
 e - 4 scrolls of fear
 n - 6 scrolls of remove curse
 p - 2 scrolls of blinking
 y - 3 scrolls of enchant armour
 B - 2 scrolls of identify
Potions
 h - 3 potions of haste
 i - 5 potions of curing
 j - 3 potions of mutation
 o - a potion of brilliance {unknown}
 t - a potion of magic
 u - 3 potions of agility
 x - 3 potions of heal wounds
 z - 2 potions of might
 C - a potion of degeneration {unknown}
Comestibles
 b - 27 rations
 m - a chunk of flesh


   Skills:
 + Level 4.9 Fighting
 + Level 6.9 Dodging
 + Level 5.4 Stealth
 + Level 14.1 Unarmed Combat


You had 10 spell levels left.
You didn't know any spells.
Your spell library contained the following spells:

 Spells                   Type           Power        Failure   Level  Hunger
 Confusing Touch          Hex            #.....       26%         1    ##.....
 Sting                    Conj/Pois      #...         26%         1    ##.....
 Poisonous Vapours        Pois/Air       #.....       38%         2    ###....
 Confuse                  Hex            #.......     63%         3    ####...
 Gell's Gravitas          Tloc           #.........   63%         3    ####...
 Mephitic Cloud           Conj/Pois/Air  #.......     63%         3    ####...
 Olgreb's Toxic Radiance  Pois           #.......     95%         4    #####..
 Petrify                  Tmut/Erth      #.......     95%         4    #####..
 Metabolic Englaciation   Hex/Ice        #.........   100%        5    ######.
 Venom Bolt               Conj/Pois      #.........   100%        5    ######.
 Yara's Violent Unravell  Hex/Tmut       #.........   100%        5    ######.


Dungeon Overview and Level Annotations

Branches:
Dungeon (10/15)            Temple (0/1) D:7            Lair (1/6) D:10
    Orc (0/2) D:10

Altars:
Ashenzari
Fedhas
Gozag
Okawaru
Sif Muna
Xom

Annotations:
Lair:1 2 transporters


Innate Abilities, Weirdness & Mutations

You are too large for most types of armour.
You have claws for hands.
Your metabolism is lightning-fast.
You like to eat raw meat.
Your natural rate of healing is unusually fast.
You are covered in fur. (AC +1)
You have extremely tough skin. (AC +3)


Message History

The seven-headed hydra grows two more!
You mangle the nine-headed hydra!!
The nine-headed hydra is severely wounded.
The nine-headed hydra bites you.
* * * LOW HITPOINT WARNING * * *
The nine-headed hydra bites you!
* * * LOW HITPOINT WARNING * * *
The nine-headed hydra bites you!
* * * LOW HITPOINT WARNING * * *
The nine-headed hydra bites you but does no damage.
The nine-headed hydra bites you.
* * * LOW HITPOINT WARNING * * *
The nine-headed hydra closely misses you. x2
The nine-headed hydra misses you.
The nine-headed hydra bites you but does no damage.
You claw one of the nine-headed hydra's heads off!
The eight-headed hydra grows two more!
You mangle the ten-headed hydra!!
The ten-headed hydra is almost dead.
The ten-headed hydra bites you but does no damage.
The ten-headed hydra bites you!
You die...

##### ######P#P###
#..........# #..........## #
#...........#.+
#..........#..#
#............# #........@D#
######.##### ####.# ##....#
#.>#### #.## ###'######## ##
##..........# ####.#+#####
#P..........###..........###


You could see a ten-headed hydra.

Vanquished Creatures
  A two-headed ogre (D:9)
  The ghost of TurdBurger the Slicer, a novice MiMo of Wu Jian (D:7)
  A necromancer (D:10)
  A manticore (D:9)
  A moth of wrath (D:7)
  A spiny frog (Lair:1)
  A queen bee (Lair:1)
  A hornet (D:7)
  A troll (D:10)
  A hippogriff (D:7)
  4 yaks
  A vampire (D:10)
  A hungry ghost (D:10)
  4 basilisks (D:10)
  2 water moccasins (Lair:1)
  2 porcupines (D:10)
  5 sky beasts
  3 orc warriors
  2 phantoms
  2 black bears
  3 ice beasts
  4 wolves (Lair:1)
  A necrophage (D:9)
  6 ogres
  7 centaurs
  4 big kobolds (D:10)
  2 gnoll sergeants (D:10)
  16 bullfrogs
  5 scorpions
  3 howler monkeys (D:10)
  29 killer bees
  3 crimson imps
  A centaur zombie (D:6)
  A quasit (D:8)
  3 centaur skeletons
  A jelly (D:5)
  9 orc wizards
  6 orc priests
  4 hounds
  3 bullfrog skeletons
  Ijyb (D:3)
  5 iguanas
  3 polar bear simulacra (D:10)
  8 worker ants
  3 yak simulacra (D:10)
  A wolf simulacrum (D:10)
  A hound skeleton (D:6)
  A howler monkey skeleton (D:6)
  12 adders
  6 gnolls
  3 shadow imps
  An ooze (D:4)
  An adder zombie (D:8)
  An adder skeleton (D:7)
  A worm (D:2)
  5 dart slugs
  6 leopard geckos
  41 orcs
  A ball python (D:8)
  6 giant cockroaches
  13 hobgoblins
  27 jackals
  8 quokkas
  7 bats
  8 frilled lizards
  10 goblins
  8 kobolds
  A leopard gecko skeleton (D:6)
  A leopard gecko zombie (D:7)
  23 rats
  4 river rat simulacra (D:10)
364 creatures vanquished.

Vanquished Creatures (others)
  3 fungi
  5 plants
8 creatures vanquished.

Grand Total: 372 creatures vanquished

Notes
Turn   | Place    | Note
-------+----------+-------------------------------------------
     0 | D:1      | nikopol the Troll Monk began the quest for the Orb.
     0 | D:1      | Reached XP level 1. HP: 22/22 MP: 0/0
    86 | D:1      | Reached XP level 2. HP: 25/29 MP: 1/1
   293 | D:1      | Reached XP level 3. HP: 12/36 MP: 2/2
   906 | D:2      | Reached XP level 4. HP: 42/45 MP: 3/3
  1407 | D:2      | Reached skill level 4 in Unarmed Combat
  1552 | D:3      | Reached XP level 5. HP: 53/53 MP: 4/4
  1702 | D:3      | Found a blossoming altar of Fedhas.
  1921 | D:3      | Noticed Ijyb
  1933 | D:3      | Killed Ijyb
  1933 | D:3      | Reached skill level 5 in Unarmed Combat
  2196 | D:3      | Reached XP level 6. HP: 60/61 MP: 5/5
  2388 | D:4      | Reached skill level 6 in Unarmed Combat
  2530 | D:4      | Reached XP level 7. HP: 67/67 MP: 6/6
  2580 | D:4      | Got a smoking ivory ring
  2733 | D:4      | Reached skill level 7 in Unarmed Combat
  2999 | D:5      | Entered Level 5 of the Dungeon
  3223 | D:5      | Found an iron altar of Okawaru.
  3223 | D:5      | Found an opulent altar of Gozag.
  3228 | D:5      | Found a shattered altar of Ashenzari.
  3230 | D:5      | Found a deep blue altar of Sif Muna.
  3236 | D:5      | Became a worshipper of Warmaster Okawaru
  3236 | D:5      | Reached * piety under Okawaru
  3236 | D:5      | Reached ** piety under Okawaru
  3241 | D:5      | Found a faded altar of an unknown god.
  3373 | D:5      | Got a heavily jewelled robe
  3384 | D:5      | Identified the cursed +1 robe "Kaxuo" {MR- Str+4 Int+4
                  | Stlth+} (You found it on level 5 of the Dungeon)
  3393 | D:5      | Found a shimmering altar of Xom.
  3856 | D:6      | Reached XP level 8. HP: 72/75 MP: 7/7
  3882 | D:6      | Reached skill level 8 in Unarmed Combat
  4438 | D:6      | Reached skill level 9 in Unarmed Combat
  4483 | D:6      | Reached *** piety under Okawaru
  4654 | D:7      | Found a staircase to the Ecumenical Temple.
  4680 | D:7      | Found a transporter.
  4680 | D:7      | Noticed a hippogriff
  4680 | D:7      | Noticed a hornet
  4851 | D:7      | Killed a hippogriff
  4851 | D:7      | Reached XP level 9. HP: 69/84 MP: 8/8
  4880 | D:7      | Identified the ring of Awe {Str+4 Int+5} (You found it on
                  | level 4 of the Dungeon)
  4936 | D:7      | Found a transporter.
  4936 | D:7      | Noticed a moth of wrath
  4944 | D:7      | Got a pair of dazzling boots
  4948 | D:7      | Noticed TurdBurger's ghost (novice MiMo)
  5025 | D:7      | Reached skill level 10 in Unarmed Combat
  5529 | D:7      | Reached **** piety under Okawaru
  5808 | D:7      | Reached skill level 5 in Dodging
  5821 | D:7      | Killed a moth of wrath
  5821 | D:7      | Reached skill level 11 in Unarmed Combat
  5824 | D:7      | Killed TurdBurger's ghost
  5824 | D:7      | Reached ***** piety under Okawaru
  6013 | D:8      | Reached XP level 10. HP: 92/92 MP: 9/9
  6949 | D:9      | Noticed a two-headed ogre
  6960 | D:9      | Killed a two-headed ogre
  6960 | D:9      | Reached skill level 12 in Unarmed Combat
  7134 | D:9      | Noticed a manticore
  7144 | D:9      | Killed a manticore
  7144 | D:9      | Received a gift from Okawaru
  7731 | D:10     | Entered Level 10 of the Dungeon
  8008 | D:10     | Got a wizard robe
  8126 | D:10     | Reached XP level 11. HP: 99/101 MP: 10/10
  8147 | D:10     | Found a staircase to the Lair.
  8333 | D:10     | Reached skill level 5 in Stealth
  8412 | D:10     | Reached skill level 13 in Unarmed Combat
  8476 | D:10     | Found a staircase to the Orcish Mines.
  8737 | D:10     | Noticed a necromancer
  8747 | D:10     | Killed a necromancer
  9250 | Lair:1   | Entered Level 1 of the Lair of Beasts
  9272 | Lair:1   | Found a transporter.
  9627 | Lair:1   | Reached skill level 14 in Unarmed Combat
  9795 | Lair:1   | Received a gift from Okawaru
  9809 | Lair:1   | Found a transporter.
  9851 | Lair:1   | Noticed a seven-headed hydra
  9860 | Lair:1   | HP: 2/101 [nine-headed hydra (9)]
  9861 | Lair:1   | Mangled by a ten-headed hydra

Levels and vault maps discovered:
D:1:      shiori_arrival_maze, layout_basic
D:2:      minmay_inner_zag, layout_loops_cross
D:3:      layout_basic, nicolae_overflow_crystal_walls, minmay_rat_hole,
          uniq_ijyb
D:4:      layout_cave_pools, first_ration, serial_bayou_pond_a, minmay_vboxes
D:5:      layout_loops_ring, chequers_temple_overflow_minitemple, tgw_xom
D:6:      layout_loops_ring, minmay_misc_feat_roman, kennysheep_generic_room_3
D:7:      nicolae_whirlpool, layout_basic, minmay_temple_entry_hall,
          gammafunk_ghost_berserking_beasts,
          hangedman_abyss_or_decor_jellyfish_corner
D:8:      layout_basic
D:9:      layout_gridville
D:10:     layout_stronghold, minmay_lair_entry_grove,
          kennysheep_orc_monster_closet_entryway, enter_bailey_2,
          eino_house_with_fridge
Lair:1:   layout_roguey [special_room_bee], gammafunk_ghost_berserking_beasts,
          beast_lair_carwin_3

Skill      XL: |  1  2  3  4  5  6  7  8  9 10 11 |
---------------+----------------------------------+-----
Fighting       | 3 4 |  4.9
Dodging        | 3 4 5 6 |  6.9
Unarmed Combat | 4 5 6 7 9 11 12 14 | 14.1
Stealth        | 2 3 4 5 |  5.4

Action                   |  1- 3 |  4- 6 |  7- 9 | 10-12 || total
-------------------------+-------+-------+-------+-------++-------
Melee: Unarmed           |   111 |   191 |   264 |   385 ||   951
       Punch             |     1 |     1 |    10 |    20 ||    32
  Use: Scroll            |       |       |     9 |     7 ||    16
       Potion            |       |       |       |     1 ||     1
 Stab: Sleeping          |       |     2 |    10 |    20 ||    32
       Distracted        |       |       |     1 |       ||     1
  Eat: Chunk             |     5 |    21 |    31 |    41 ||    98
       Ration            |       |     1 |       |       ||     1
Armor: Robe              |    59 |    60 |    64 |   125 ||   308
Dodge: Dodged            |    63 |    96 |    98 |   243 ||   500

Table legend:
 A = Non-vault XP
 B = Vault XP
 C = Vault XP percentage of total XP
 D = Non-vault monster count
 E = Vault monster count
 F = Vault count percentage of total count
                 A         B        C        D         E       F
            +---------+---------+-------+---------+---------+-------
      Total |   10494 |    8302 |  44.2 |     252 |     112 |  30.8
            +---------+---------+-------+---------+---------+-------
        D:1 |      74 |       4 |   5.1 |      34 |       2 |   5.6
        D:2 |      41 |      12 |  22.6 |      15 |       7 |  31.8
        D:3 |     192 |      58 |  23.2 |      42 |      20 |  32.3
        D:4 |     488 |     112 |  18.7 |      17 |       4 |  19.0
        D:5 |     217 |     167 |  43.5 |      16 |       3 |  15.8
        D:6 |     813 |       0 |   0.0 |      23 |       0 |   0.0
        D:7 |    1475 |    1679 |  53.2 |      20 |       7 |  25.9
        D:8 |    1128 |       0 |   0.0 |      28 |       0 |   0.0
        D:9 |    3195 |     249 |   7.2 |      29 |       2 |   6.5
       D:10 |    1619 |    4014 |  71.3 |      20 |      40 |  66.7
     Lair:1 |    1252 |    2007 |  61.6 |       8 |      27 |  77.1
            +---------+---------+-------+---------+---------+-------
